 Dungeon Crawl Stone Soup version 0.30-a0-1163-gf69bf04e7a (console) character file.

Game seed: 1949346274403384105

353 jejorda2 the Spear-Bearer (level 6, -5/51 HPs)
             Began as a Merfolk Berserker on Apr 28, 2023.
             Was a Believer of Trog.
             Slain by an orc
             ... wielding a +0 flail
              (7 damage)
             ... on level 3 of the Dungeon.
             The game lasted 00:06:05 (3020 turns).

jejorda2 the Spear-Bearer (Merfolk Berserker)       Turns: 3020, Time: 00:06:05

Health: -5/51      AC:  8    Str: 19    XL:     6   Next: 62%
Magic:  6/6        EV:  8    Int:  7    God:    Trog [**....]
Gold:   113        SH:  5    Dex: 13    Spells: 5/5 levels left

rFire   . . .        a - +0 halberd
rCold   . . .        (shield currently unavailable)
rNeg    . . .        i - +0 chain mail
rPois   .            (no helmet)
rElec   .            (no cloak)
rCorr   .            (no gloves)
SInv    .            (no boots)
Will    .....        h - amulet of reflection Stlth
                     (no ring)
HPRegen 0.28/turn    (no ring)
MPRegen 0.10/turn

%: reflection
@: on berserk cooldown, slowed, very slow
A: (nimble swimmer 2), mertail
a: Renounce Religion, Berserk, Trog's Hand


You were on level 3 of the Dungeon.
You worshipped Trog.
Trog was pleased with you.
You visited 1 branch of the dungeon, and saw 4 of its levels.
You also visited: Sewer.

You collected 113 gold pieces.

Inventory:

Hand Weapons
 a - a +0 halberd (weapon)
 q - a +0 spear
Missiles
 c - a curare-tipped dart
 d - 24 stones (quivered)
 n - 17 poisoned darts
 r - 6 javelins
Armour
 b - a +0 animal skin
 i - a +0 chain mail (worn)
 m - a +2 ring mail of cold resistance
Jewellery
 h - an amulet of reflection (around neck)
Scrolls
 e - 4 scrolls of identify {unknown}
 l - 2 scrolls of fear {unknown}
 o - a scroll of fog {unknown}
 p - a scroll of blinking {unknown}
 s - a scroll of brand weapon {unknown}
 t - a scroll of immolation {unknown}
 w - a scroll of teleportation {unknown}
Potions
 f - a potion of ambrosia {unknown}
 g - 3 potions of flight
 j - a potion of mutation {unknown}
 k - 2 potions of haste {unknown}
 u - 2 potions of heal wounds
 v - a potion of curing
 x - 2 potions of resistance {unknown}


   Skills:
 + Level 5.2 Fighting
 * Level 8.1 Polearms
 - Level 1.3 Armour
 - Level 2.6 Dodging


You had 5 spell levels left.
You didn't know any spells.
Your spell library was empty.

Dungeon Overview and Level Annotations

Branches:
Dungeon (4/15)              Sewer (visited)
 Temple: D:4-7

Altars:
Nemelex Xobeh
The Shining One
Lugonu

Shops:
D:4 !

Portals:
Abyss: D:3


Innate Abilities, Weirdness & Mutations

((You are very nimble when in or above water. (Stealth+, EV+, Speed+++)))
Your lower body shifts to a powerful aquatic tail in water.


Message History

You kill the gnoll!
Trog accepts your kill.
You closely miss the gnoll. You block the gnoll's attack.
The gnoll barely misses you. x2
You barely miss the gnoll. The gnoll hits you but does no damage.
The gnoll hits you with a +0 whip. The gnoll hits you with a +0 spear.
The orc closely misses you.
You closely miss the gnoll. The gnoll hits you but does no damage.
You block the gnoll's attack. The gnoll hits you but does no damage.
The orc hits you with a +0 flail.
You barely miss the gnoll. You barely miss the gnoll.
The orc hits you but does no damage. The gnoll closely misses you.
The gnoll barely misses you. The gnoll hits you but does no damage.
You hit the gnoll.
The gnoll is moderately wounded.
You are no longer berserk.
You are exhausted.
You feel yourself slow down. The gnoll misses you.
The gnoll hits you but does no damage. The gnoll hits you with a +0 spear.
The orc closely misses you. You block the orc's attack.
The gnoll hits you with a +0 whip. x2
The gnoll hits you but does no damage.
You climb upwards.
There is a stone staircase leading down here.
Unknown command.
The gnoll attacks as you move away! The gnoll hits you with a +0 spear.
The gnoll attacks as you move away! The gnoll barely misses you.
The gnoll completely misses you. You block the gnoll's attack.
The orc hits you with a +0 flail.
* * * LOW HITPOINT WARNING * * *
The gnoll hits you with a +0 whip.
* * * LOW HITPOINT WARNING * * *
The gnoll hits you with a +0 whip.
* * * LOW HITPOINT WARNING * * *
The gnoll hits you but does no damage. The gnoll attacks as you move away!
The gnoll barely misses you. The gnoll attacks as you move away!
The gnoll hits you but does no damage. The orc hits you with a +0 flail!
You die...

############### #........<....#
### #######.###.#.#####.#
##.###...........#.# #.#
#....#..####.#...#.#####.#
.....#..####......>....#.#
.....#..#....##.gg.......#
........#.##.###o#.......#######
#.......#.##...#@#.#...........#
#.......#......+.......#.#####.#
........#.##...#...........# #.#
...........#.###.....###.#.###.##
.~~~....#..#.###..##.###.#......#
~~~~~..........................##
~~.~~........###..##.##.......##
~~~~~.............##.###...####
.~~~..............##.# #...#


You could see 2 gnolls and an orc.

Vanquished Creatures
  2 kobold brigands
  4 gnolls
  4 adders
  3 river rats
  A worm (D:2)
  4 dart slugs
  An orc (D:3)
  A ball python (D:1)
  4 endoplasms
  2 giant cockroaches
  A goblin (D:2)
  3 hobgoblins
  A jackal (Sewer)
  20 kobolds
  6 quokkas
  6 bats
  5 frilled lizards
  9 rats
  A lurking horror (D:3)
78 creatures vanquished.

Vanquished Creatures (others)
  A kobold brigand (Sewer)
1 creature vanquished.

Grand Total: 79 creatures vanquished

Notes
Turn   | Place    | Note
-------+----------+-------------------------------------------
     0 | D:1      | jejorda2 the Merfolk Berserker began the quest for the Orb.
     0 | D:1      | Reached XP level 1. HP: 18/18 MP: 1/1
   112 | D:1      | Reached XP level 2. HP: 21/24 MP: 2/2
   212 | D:1      | Reached skill level 5 in Polearms
   235 | D:1      | Reached XP level 3. HP: 8/30 MP: 3/3
   727 | D:2      | Reached XP level 4. HP: 35/37 MP: 4/4
   746 | D:2      | Reached ** piety under Trog
   760 | D:2      | Found a sparkling altar of Nemelex Xobeh.
  1066 | D:2      | Reached skill level 6 in Polearms
  1704 | D:3      | Found a glowing drain.
  1709 | D:3      | Reached XP level 5. HP: 43/43 MP: 5/5
  1739 | Sewer    | Entered a sewer
  1915 | Sewer    | Noticed a kobold brigand
  1916 | Sewer    | Noticed a kobold brigand
  1926 | Sewer    | Killed a kobold brigand
  1927 | Sewer    | Reached skill level 7 in Polearms
  1936 | Sewer    | Killed a kobold brigand
  1937 | Sewer    | Reached XP level 6. HP: 18/50 MP: 6/6
  2059 | Sewer    | Found a white marble altar of Elyvilon.
  2308 | D:3      | Reached skill level 5 in Fighting
  2379 | D:3      | Reached skill level 8 in Polearms
  2406 | D:3      | Found a glowing golden altar of the Shining One.
  2560 | D:3      | Found a faded altar of an unknown god.
  2660 | D:3      | Found a corrupted altar of Lugonu.
  2752 | D:3      | Found a one-way gate to the infinite horrors of the Abyss.
  3000 | D:4      | Found Wubloi's Distillery.
  3018 | D:3      | HP: 2/51 [gnoll/+0 whip (6)]
  3020 | D:3      | Slain by an orc

Illustrated notes

Levels and vault maps discovered:
D:1:      dpeg_arrival_round_c, layout_rooms, minmay_hexomino_f4
D:2:      layout_loops_corners, basic_altar
D:3:      cheibrodos_thug_alley, layout_basic,
          mainiacjoe_overflow_small_starburst, portal_sewer_entry_a,
          shapermc_ecumenical_altar_starsandcircs,
          amcnicky_altar_lugonu_corruption
D:4:      layout_basic, grunt_dithmenos_smoke_and_mirrors, temple_pool_b,
          serial_shops, shop, uniq_eustachio

Skill      XL: |  1  2  3  4  5  6 |
---------------+-------------------+-----
Polearms       | 5 6 7 8 |  8.1
Fighting       | 4 5 |  5.2
Armour         | |  1.3
Dodging        | |  2.6

Action                     |  1- 3 |  4- 6 || total
---------------------------+-------+-------++-------
  Melee: Spear             |    83 |    29 ||   112
         Punch             |     1 |       ||     1
         Halberd           |       |   178 ||   178
         Tailslap          |       |     3 ||     3
  Throw: Stone             |     1 |     3 ||     4
 Invoke: Berserk           |     1 |     2 ||     3
    Use: Scroll            |       |     2 ||     2
 Armour: Animal skin       |     2 |       ||     2
         Chain mail        |     9 |   107 ||   116
  Dodge: Dodged            |    23 |    63 ||    86
  Block: Other             |     6 |    45 ||    51
         Reflection        |       |     3 ||     3

Table legend: (Time is in decaauts)
 A = Elapsed time spent in this place.
 B = Non-inter-level travel time spent in this place.
 C = Inter-level travel time spent in this place.
 D = Time resting spent in this place.
 E = Time spent auto-exploring this place.
 F = Levels seen in this place.
 G = Mean time per level.
                   A        B        C        D        E       F      G
               +--------+--------+--------+--------+--------+-----+--------+
         Total |   3017 |   2898 |    119 |      1 |   2275 |   5 |  603.4 |
       Dungeon |   2650 |   2531 |    119 |      1 |   2000 |   4 |  662.5 |
         Sewer |    367 |    367 |      0 |      0 |    275 |   1 |  367.0 |
               +--------+--------+--------+--------+--------+-----+--------+

Top non-repeatable levels by time:
     D:2: 989 daAuts
     D:3: 948 daAuts
     D:1: 698 daAuts
   Sewer: 367 daAuts
     D:4: 13 daAuts
